 Dungeon Crawl Stone Soup version 0.31-a0-640-g39d97e502b (webtiles) character file.

Game seed: 16709068497917782423

146 MacCMillion the Firebug (level 5, -5/28 HPs)
             Began as a Deep Elf Fire Elementalist on Aug 28, 2023.
             Slain by a hornet (12 damage)
             ... on level 4 of the Dungeon.
             The game lasted 00:04:01 (3668 turns).

MacCMillion the Firebug (DEFE)                      Turns: 3668, Time: 00:04:02

Health: -5/28      AC:  5    Str:  5    XL:     5   Next: 7%
Magic:  7/13       EV: 12    Int: 22    God:
Gold:   137        SH:  0    Dex: 15    Spells: 9/12 levels left

rFire   . . .        h - +0 dagger
rCold   . . .        (no shield)
rNeg    . . .        a - +0 robe
rPois   .            r - +1 helmet
rElec   .            (no cloak)
rCorr   .            q - +0 pair of gloves
SInv    .            (no boots)
Will    .....        (no amulet)
Stlth   ++           (no ring)
HPRegen 0.24/turn    (no ring)
MPRegen 0.13/turn

%: no passive effects
@: lethally poisoned (-5 -> -12), very slightly contaminated, slowed, very slow
A: no striking features
a: no special abilities


You were on level 4 of the Dungeon.
You visited 1 branch of the dungeon, and saw 4 of its levels.

You collected 137 gold pieces.

Inventory:

Hand Weapons
 h - a +0 dagger (weapon)
Armour
 a - a +0 robe (worn)
 q - a +0 pair of gloves (worn)
 r - a +1 helmet (worn)
Scrolls
 c - a scroll of blinking {unknown}
 d - 2 scrolls of enchant weapon {unknown}
 e - 5 scrolls of identify {unknown}
 f - 4 scrolls of enchant armour {unknown}
 i - a scroll of fog {unknown}
 k - 3 scrolls of teleportation {unknown}
 p - 2 scrolls of silence {unknown}
Potions
 b - a potion of magic
 g - 6 potions of curing {unknown}
 j - a potion of heal wounds {unknown}
 l - a potion of degeneration {unknown}
 m - a potion of invisibility {unknown}
 n - a potion of enlightenment {unknown}
 o - a potion of haste {unknown}


   Skills:
 - Level 2.4 Dodging
 - Level 2.4 Stealth
 + Level 4.3 Spellcasting
 + Level 2.8 Conjurations
 * Level 5.0 Fire Magic


You had 9 spell levels left.
You knew the following spells:

 Your Spells              Type           Power      Damage    Failure   Level
a - Foxfire               Conj/Fire      88%        2x1d8     2%          1
b - Scorch                Fire           54%        2d7       1%          2

Your spell library contained the following spells:

 Spells                   Type           Power      Damage    Failure   Level
 Inner Flame              Hex/Fire       15%        N/A       12%         3
 Volatile Blastmotes      Fire/Tloc      30%        2d12      12%         3
 Poisonous Vapours        Pois/Air       8%         N/A       16%         2
 Mephitic Cloud           Conj/Pois/Air  8%         N/A       22%         3
 Flame Wave               Conj/Fire      22%        2d8       22%         4
 Freezing Cloud           Conj/Ice/Air   4%         6-21      90%         5
 Alistair's Intoxication  Tmut/Pois      2%         N/A       96%         5
 Metabolic Englaciation   Hex/Ice        2%         N/A       96%         5
 Ozocubu's Refrigeration  Ice            2%         4d7       100%        7


Dungeon Overview and Level Annotations

Branches:
Dungeon (4/15)
 Temple: D:4-7

Altars:

Shops:
D:3 (

Annotations:
D:4 2 transporters


Message History

Found a glowing helmet.
Found a stone staircase leading down.
Found a green potion.
Found 7 gold pieces.
You see here a +0 pair of gloves.
You start putting on your armour.
You continue putting on your +0 pair of gloves. x4
You finish putting on your +0 pair of gloves.
You see here a +1 helmet.
You start putting on your armour.
You continue putting on your +1 helmet. x4
You finish putting on your +1 helmet.
p - 2 scrolls labelled INAHOL IJOIDGH (gained 1)
Found a transporter.
A hornet comes into view.
The hornet buzzes angrily.
You conjure some foxfire!
Your foxfire dissipates!
The foxfire hits the hornet but does no damage.
Casting: Foxfire (safe; 2% risk of failure)
Confirm with . or Enter, or press ? or * to list all spells.
You miscast Scorch.
You are very lightly contaminated with residual magic.
Nothing appears to happen.
Casting: Scorch (safe; 1% risk of failure)
Confirm with . or Enter, or press ? or * to list all spells.
Flames lash the hornet.
The hornet is lightly wounded.
The hornet's fire resistance burns away.
The hornet closely misses you. The hornet stings you!
You are poisoned.
You feel yourself slow down.
Casting: Scorch (safe; 1% risk of failure)
Confirm with . or Enter, or press ? or * to list all spells.
Flames lash the hornet.
The hornet is burned terribly!
The hornet is moderately wounded.
You feel yourself speed up.
You feel very sick. The hornet stings you!
* * * LOW HITPOINT WARNING * * *
You feel yourself slow down. The hornet stings you!
You die...

##
#.......#.#..........#
#
####..##.............#
# ##....©...........#
# #.#######........# #
#.#8.©.8#........#
#.#P.).P#........#
#.###+###.#......#
#.#~...~#.##.....#
.#S...S#@########
#S!..~#y# #~.⌠.~#.#
#~.$.~#.# #~...~#.#
#~...~#.# ###+###.#
#P./.P#.# #8.©.8#.#


You could see a hornet (combustible) and 3 electric eels.

Vanquished Creatures
  An orc wizard (D:3)
  6 adders
  A worm (D:2)
  2 dart slugs (D:1)
  2 orcs (D:3)
  5 endoplasms
  4 giant cockroaches
  4 goblins
  7 hobgoblins
  3 kobolds
  2 quokkas
  11 ball pythons
  A bat (D:2)
  4 frilled lizards
  3 rats
56 creatures vanquished.

Vanquished Creatures (collateral kills)
  2 foxfires (D:2)
2 creatures vanquished.

Vanquished Creatures (others)
  193 foxfires
193 creatures vanquished.

Grand Total: 251 creatures vanquished

Notes
Turn   | Place    | Note
-------+----------+-------------------------------------------
     0 | D:1      | MacCMillion the Deep Elf Fire Elementalist began the quest
                  | for the Orb.
     0 | D:1      | Reached XP level 1. HP: 10/10 MP: 6/6
   472 | D:1      | Reached XP level 2. HP: 15/15 MP: 4/8
   618 | D:1      | Got the Spellbook of Unclean Ice
   821 | D:1      | Learned a level 2 spell: Scorch
  1242 | D:2      | Reached skill level 4 in Fire Magic
  1322 | D:2      | Reached XP level 3. HP: 12/19 MP: 6/10
  1938 | D:2      | Reached XP level 4. HP: 24/24 MP: 7/11
  2750 | D:3      | Found Ingied's Weapon Emporium.
  3275 | D:3      | Reached skill level 5 in Fire Magic
  3275 | D:3      | Reached XP level 5. HP: 28/28 MP: 5/13
  3625 | D:4      | Found a transporter.
  3659 | D:4      | Found a transporter.
  3660 | D:4      | Noticed a hornet
  3668 | D:4      | Slain by a hornet

Illustrated notes

Levels and vault maps discovered:
D:1:      minmay_arrival_loop, layout_loops_cross
D:2:      cheibrodos_old_hovel, layout_basic
D:3:      minmay_skewed_foursquare, layout_basic, serial_shops,
          nicolae_shop_rolling_square, due_unseen_surprise
D:4:      gammafunk_steamed_eel, layout_cave_pods,
          chequers_temple_overflow_statue_of_worship

Skill      XL: |  1  2  3  4 |
---------------+-------------+-----
Fire Magic     | 4 5 |  5.0
Conjurations   | 2 |  2.8
Spellcasting   | 4 |  4.3
Dodging        | |  2.4
Stealth        | |  2.4

Action                     |  1- 3 |  4- 6 || total
---------------------------+-------+-------++-------
   Cast: Foxfire           |    79 |    42 ||   121
         Scorch            |     6 |    10 ||    16
 Armour: Robe              |     1 |       ||     1
  Dodge: Dodged            |     3 |     2 ||     5

Table legend: (Time is in decaauts)
 A = Elapsed time spent in this place.
 B = Non-inter-level travel time spent in this place.
 C = Inter-level travel time spent in this place.
 D = Time resting spent in this place.
 E = Time spent auto-exploring this place.
 F = Levels seen in this place.
 G = Mean time per level.
                   A        B        C        D        E       F      G
               +--------+--------+--------+--------+--------+-----+--------+
         Total |   3666 |   3565 |    101 |    378 |   2793 |   4 |  916.5 |
       Dungeon |   3666 |   3565 |    101 |    378 |   2793 |   4 |  916.5 |
               +--------+--------+--------+--------+--------+-----+--------+

Top non-repeatable levels by time:
     D:3: 1312 daAuts
     D:2: 1149 daAuts
     D:1: 1100 daAuts
     D:4: 104 daAuts
